 Dungeon Crawl Stone Soup version 0.25-a0-517-gf8b3a32422 (webtiles) character file.

Game seed: 10156494142969570897, levelgen mode: classic

22688 EnegeticOcto the Cleaver (level 12, 65/116 HPs)
             Began as a Deep Dwarf Fighter on Feb 17, 2020.
             Was a High Priest of Makhleb.
             Quit the game on level 12 of the Dungeon.
             The game lasted 00:07:44 (7321 turns).

EnegeticOcto the Cleaver (Deep Dwarf Fighter)       Turns: 7321, Time: 00:07:45

Health: 65/116     AC: 15    Str: 25    XL:     12   Next: 65%
Magic:  1/1        EV:  5    Int:  9    God:    Makhleb [*****.]
Gold:   480        SH:  9    Dex: 12    Spells: 11/11 levels left

rFire    . . .     SeeInvis .   b - +1 war axe (flame)
rCold    . . .     Gourm    .   c - +1 kite shield
rNeg     . . .     Faith    +   d - +0 plate armour
rPois    .         Spirit   .   (no helmet)
rElec    .         Reflect  .   (no cloak)
rCorr    .         Harm     .   t - +0 pair of gloves (curse)
MR       +....                  (no boots)
Stlth    ..........             C - amulet of faith
HPRegen  0.00/turn              f - +4 ring of protection
MPRegen  0.07/turn              J - +2 ring of evasion

@: non-regenerating, extremely drained
A: damage resistance, heal wounds, sense surroundings 2, no regeneration
a: Heal Wounds, Minor Destruction, Lesser Servant of Makhleb, Major Destruction,
Greater Servant of Makhleb, Renounce Religion


You were on level 12 of the Dungeon.
You worshipped Makhleb.
Makhleb was extremely pleased with you.
You were not hungry.

You visited 2 branches of the dungeon, and saw 13 of its levels.
You also visited: Sewer and Bailey.

You collected 583 gold pieces.
You spent 103 gold pieces at shops.

Inventory:

Hand Weapons
 a - a +7 broad axe
 b - a +1 war axe of flaming (weapon)
Missiles
 u - 2 throwing nets (quivered)
Armour
 c - a +1 kite shield (worn)
 d - a +0 plate armour (worn)
 t - a cursed +0 pair of gloves (worn)
Jewellery
 f - a +4 ring of protection (left hand)
 g - a +5 amulet of reflection {unknown}
 r - an uncursed ring of see invisible {unknown}
 v - an uncursed ring of protection from fire
 w - the ring "Votsevok" {rPois MR- Int+7 Slay+3 SInv}
   (You took it off an orc wizard on level 6 of the Dungeon)

   [ring of see invisible]

   It affects your intelligence (+7).
   It affects your accuracy and damage with ranged weapons and melee attacks
   (+3).
   It protects you from poison.
   It affects your resistance to hostile enchantments.
   It lets you see invisible.
 C - an amulet of faith (around neck)
 J - a +2 ring of evasion (right hand)
Wands
 E - a wand of iceblast (11)
 F - a wand of flame (14)
Scrolls
 h - 2 scrolls of teleportation {@r2}
 j - 3 scrolls of identify {@r1}
 q - a scroll of fog
 s - 2 scrolls of enchant weapon
 x - 3 scrolls of enchant armour
 y - 2 scrolls of remove curse {@r6}
 B - 2 scrolls of random uselessness
 D - a scroll of magic mapping {@r5}
 I - a scroll of summoning
Potions
 i - 5 potions of curing {@q1}
 k - 3 potions of might {@q3}
 l - 3 potions of lignification {@q7}
 m - 6 potions of heal wounds {@q2}
 n - 8 potions of berserk rage
 o - 3 potions of agility {unknown}
 z - 2 potions of magic {unknown}
 A - 2 potions of flight
 G - a potion of cancellation {unknown}
 H - 2 potions of invisibility
Comestibles
 e - 20 rations
 p - 3 chunks of flesh


   Skills:
 * Level 10.2(0.0) Fighting
 * Level 11.8(0.0) Axes
 + Level 9.0(0.0) Armour
 + Level 8.2(0.0) Dodging
 + Level 9.0(0.0) Shields
 * Level 10.1(0.0) Invocations


You had 11 spell levels left.
You didn't know any spells.
Your spell library contained the following spells:

 Spells                   Type           Power        Failure   Level  Hunger
 Animate Skeleton         Necr           N/A          100%        1    ##.....
 Apportation              Tloc           #.....       100%        1    ##.....
 Corona                   Hex            #......      100%        1    ##.....
 Sandblast                Erth           #.....       100%        1    ##.....
 Shock                    Conj/Air       #...         100%        1    ##.....
 Summon Small Mammal      Summ           #...         100%        1    ##.....
 Passwall                 Tmut/Erth      #.......     100%        2    ###....
 Swiftness                Chrm/Air       #.......     100%        2    ###....
 Static Discharge         Conj/Air       #.......     100%        3    ####...
 Stone Arrow              Conj/Erth      #.....       100%        3    ####...
 Airstrike                Air            #.........   100%        4    #####..
 Petrify                  Tmut/Erth      #.......     100%        4    #####..
 Lee's Rapid Deconstruct  Erth           #.........   100%        5    ######.
 Lightning Bolt           Conj/Air       #.........   100%        5    ######.


Dungeon Overview and Level Annotations

Branches:
Dungeon (12/15)            Temple (1/1) D:5            Lair (0/6) D:11
    Orc (0/2) D:11          Sewer (visited)          Bailey (visited)

Altars:
Ashenzari
Cheibriados
Dithmenos
Elyvilon
Fedhas
Gozag
Hepliaklqana
Kikubaaqudgha
Makhleb
Okawaru
Qazlal
Ru
Sif Muna
Trog
Uskayaw
Vehumet
Wu Jian
Xom
Yredelemnul
The Shining One

Shops:
D:4 *   D:5 [!}%(   D:10 (


Innate Abilities, Weirdness & Mutations

You are resistant to damage.
You can heal yourself by infusing magical energy.
You passively map the area around you.
You do not regenerate.


Message History

You block the five-headed hydra's attack.
You are too injured to fight recklessly!
You are too injured to fight recklessly!
You are too injured to fight recklessly!
You are too injured to fight recklessly!
You are too injured to fight recklessly!
You are too injured to fight recklessly!
You are too injured to fight recklessly!
Your magical essence is drained by the effort!
You feel much better.
You block the five-headed hydra's attack. x2
The five-headed hydra bites you! The five-headed hydra bites you.
The five-headed hydra bites you but does no damage.
You feel much better.
The five-headed hydra bites you but does no damage. x3
The five-headed hydra barely misses you.
The five-headed hydra bites you!
You hit the five-headed hydra. You burn the five-headed hydra.
The five-headed hydra is almost dead.
The five-headed hydra bites you but does no damage. x2
The five-headed hydra bites you. x2
The five-headed hydra bites you but does no damage.
You barely miss the five-headed hydra.
The five-headed hydra is almost dead.
You block the five-headed hydra's attack.
The five-headed hydra bites you!
You block the five-headed hydra's attack.
The five-headed hydra bites you!
The five-headed hydra bites you but does no damage. x2
The five-headed hydra bites you.
The five-headed hydra bites you but does no damage.
The five-headed hydra bites you! x2
You slice one of the five-headed hydra's heads off!
The flame cauterises the wound!
You slash the four-headed hydra! You burn the four-headed hydra.
You kill the four-headed hydra!
Makhleb accepts your kill.
You feel better.
No target in view!
No target in view!
No target in view!
No target in view!
No target in view!
No target in view!
No target in view!
No target in view!
No target in view!
No target in view!
No target in view!
Your magical essence is drained by the effort!
You feel much better.
You butcher the bullfrog corpse.
p - 4 chunks of flesh You see here a bullfrog skeleton. x2
Eating one of 4 chunks of flesh.
You eat one of the 4 chunks of flesh.
This raw flesh tastes terrible.
G - a blue potion A komodo dragon comes into view.
The komodo dragon hisses angrily.
A komodo dragon is nearby!
A komodo dragon is nearby!
You see here a notched glass ring.
You block the komodo dragon's attack.
You slash the komodo dragon! You burn the komodo dragon.
The komodo dragon is moderately wounded.
The komodo dragon barely misses you.
You hit the komodo dragon. You burn the komodo dragon.
The komodo dragon is moderately wounded.
The komodo dragon bites you. The komodo dragon bites you!!
You hit the komodo dragon. You burn the komodo dragon.
The komodo dragon is heavily wounded.
The komodo dragon bites you!
Your plate armour prevents you from hitting the komodo dragon.
The komodo dragon is heavily wounded.
You block the komodo dragon's attack. x2
You hit the komodo dragon. You burn the komodo dragon.
The komodo dragon is severely wounded.
The komodo dragon bites you! x2
You slash the komodo dragon! You burn the komodo dragon.
You kill the komodo dragon!
Makhleb accepts your kill.
You feel better.
No target in view!
No target in view!
No target in view!
No target in view!
No target in view!
No target in view!
No target in view!
No target in view!
No target in view!
No target in view!
J - a notched glass ring You're wearing all the rings you can.
Remove which one? (? for menu, Esc to cancel) < or
f - a +4 ring of protection > or
w - the ring "Votsevok" {rPois MR- Int+7 Slay+3 SInv} You remove the ring "Votsevok" {rPois MR- Int+7 Slay+3 SInv}.
J - a +2 ring of evasion (right hand) Are you sure you want to abandon this character and quit the game? (Confirm with "yes".)

*
#########################*
........................ ,
................##....#
................##....#
,,,
.........@............# ,
......................#
,.................÷....# *
......!........†......# *
...............#####..# ,
,...............# , #..# ,
* ######.........#, #..#
#.........# #..#### , , ,,
.... * #......


There were no monsters in sight!

Vanquished Creatures
  Snorg (D:11)
  Erolcha (D:10)
  Fannar (D:11)
  2 hydras
  5 two-headed ogres
  Sonja (D:11)
  2 unseen horrors
  5 orc knights (Bailey)
  A manticore (D:7)
  An ugly thing (D:11)
  A komodo dragon (D:12)
  A tengu conjurer (D:10)
  A hornet (D:11)
  3 trolls
  8 yaks (D:11)
  A wyvern (D:11)
  A wraith (D:11)
  Eustachio (D:5)
  Grum (D:9)
  4 water moccasins
  3 porcupines (D:11)
  7 black bears
  15 orc warriors
  6 sky beasts
  2 ice beasts
  5 centaurs
  6 wolves
  2 ogres
  2 crocodiles (D:11)
  Blork the orc (D:6)
  2 big kobolds (D:10)
  12 bullfrogs
  A wyvern skeleton (D:8)
  5 killer bees (D:9)
  5 scorpions
  6 wights
  10 crimson imps
  2 howler monkeys
  3 bullfrog zombies
  3 centaur zombies
  A gnoll shaman (D:9)
  3 hounds
  4 jellies
  3 orc priests
  4 iguanas
  2 bullfrog skeletons
  A centaur skeleton (D:6)
  5 orc wizards
  7 worker ants
  A hound skeleton (D:5)
  A howler monkey zombie (D:5)
  15 gnolls
  A howler monkey skeleton (D:10)
  9 adders
  A river rat (D:4)
  A shadow imp (D:10)
  An ooze (D:6)
  2 adder skeletons
  2 dart slugs (D:1)
  7 leopard geckos
  57 orcs
  14 giant cockroaches
  4 goblins
  A hobgoblin (D:1)
  9 jackals
  3 quokkas
  3 ball pythons
  6 frilled lizards
  6 kobolds
  A quokka skeleton (D:4)
  A quokka zombie (D:9)
  4 rats
  A fungus (D:11)
  A plant (D:11)
322 creatures vanquished.

Vanquished Creatures (others)
  A fungus (D:11)
  3 plants (D:11)
4 creatures vanquished.

Grand Total: 326 creatures vanquished

Notes
Turn   | Place    | Note
-------+----------+-------------------------------------------
     0 | D:1      | EnegeticOcto the Deep Dwarf Fighter began the quest for the
                  | Orb.
     0 | D:1      | Reached XP level 1. HP: 20/20 MP: 1/1
    59 | D:1      | Reached XP level 2. HP: 20/27 MP: 2/2
   113 | D:2      | Found a glowing golden altar of the Shining One.
   140 | D:3      | Reached XP level 3. HP: 20/34 MP: 3/3
   319 | D:4      | Reached skill level 3 in Axes
   319 | D:4      | Reached skill level 1 in Dodging
   319 | D:4      | Reached XP level 4. HP: 36/42 MP: 4/4
   338 | D:4      | Found a glowing drain.
   499 | D:4      | Found a sacrificial altar of Ru.
   610 | Sewer    | Entered a sewer
   817 | Sewer    | Noticed a bullfrog
   828 | Sewer    | Killed a bullfrog
   828 | Sewer    | Reached XP level 5. HP: 48/50 MP: 4/4
   857 | Sewer    | Reached skill level 4 in Axes
  1287 | D:4      | Found Dunuz's Serpentskin Sales.
  1287 | D:4      | Noticed a water moccasin
  1306 | D:4      | Killed a water moccasin
  1306 | D:4      | Reached XP level 6. HP: 52/57 MP: 4/4
  1623 | D:5      | Entered Level 5 of the Dungeon
  1645 | D:5      | Found Nyiro's Weapon Emporium.
  1645 | D:5      | Found an ornate altar of the Wu Jian Council.
  1654 | D:5      | Bought a +0 broad axe for 48 gold pieces
  1662 | D:5      | Found Wiqibar's Food Shoppe.
  1687 | D:5      | Found Muwnyruf's Gadget Emporium.
  1739 | D:5      | Reached XP level 7. HP: 41/66 MP: 5/5
  1833 | D:5      | Found Jatim's Distillery.
  1840 | D:5      | Bought a potion of heal wounds for 55 gold pieces
  1870 | D:5      | Found Wofeirgh's Antique Armour Emporium.
  1934 | D:5      | Reached skill level 5 in Axes
  2020 | D:5      | Noticed Eustachio
  2051 | D:5      | Killed Eustachio
  2051 | D:5      | Reached skill level 5 in Fighting
  2193 | D:5      | Found an ancient bone altar of Kikubaaqudgha.
  2404 | D:5      | Found a staircase to the Ecumenical Temple.
  2464 | Temple   | Entered the Ecumenical Temple
  2588 | D:6      | Reached skill level 5 in Shields
  2588 | D:6      | Reached skill level 5 in Armour
  2615 | D:6      | Identified the ring "Votsevok" {rPois MR- Int+7 Slay+3
                  | SInv}
  2623 | D:6      | Reached XP level 8. HP: 39/74 MP: 6/6
  2654 | D:6      | Reached skill level 6 in Axes
  2772 | D:6      | Found a radiant altar of Vehumet.
  2857 | D:6      | Found a shattered altar of Ashenzari.
  2870 | D:6      | Noticed Blork the orc
  2880 | D:6      | Killed Blork the orc
  3087 | D:6      | Found an opulent altar of Gozag.
  3336 | D:7      | Reached skill level 7 in Axes
  3432 | D:7      | Noticed a manticore
  3447 | D:7      | Killed a manticore
  3447 | D:7      | Gained mutation: You passively map the area around you.
                  | [Deep Dwarf growth]
  3447 | D:7      | Reached XP level 9. HP: 41/85 MP: 7/7
  3711 | D:8      | Noticed a two-headed ogre
  3721 | D:8      | Killed a two-headed ogre
  3721 | D:8      | Reached skill level 8 in Axes
  3721 | D:8      | Reached skill level 5 in Dodging
  3857 | D:8      | Found a burning altar of Makhleb.
  3857 | D:8      | Found a radiant altar of Vehumet.
  3871 | D:8      | Became a worshipper of Makhleb the Destroyer
  3910 | D:8      | Noticed a two-headed ogre
  3922 | D:8      | Killed a two-headed ogre
  3922 | D:8      | Reached XP level 10. HP: 53/94 MP: 7/9
  4213 | D:8      | Reached skill level 9 in Axes
  4309 | D:9      | Reached * piety under Makhleb
  4400 | D:9      | Noticed Grum
  4425 | D:9      | Killed Grum
  4543 | D:9      | Found a flagged portal.
  4629 | Bailey   | Entered a bailey
  4649 | Bailey   | Reached ** piety under Makhleb
  4719 | Bailey   | Reached skill level 5 in Invocations
  4771 | Bailey   | Noticed an orc knight
  4771 | Bailey   | Noticed an orc knight
  4781 | Bailey   | Killed an orc knight
  4784 | Bailey   | Killed an orc knight
  4806 | Bailey   | Noticed an orc knight
  4806 | Bailey   | Noticed an orc knight
  4817 | Bailey   | Noticed an orc knight
  4826 | Bailey   | Killed an orc knight
  4826 | Bailey   | Reached XP level 11. HP: 73/104 MP: 10/10
  4841 | Bailey   | Killed an orc knight
  4863 | Bailey   | Killed an orc knight
  4863 | Bailey   | Reached skill level 10 in Axes
  5029 | D:9      | Reached *** piety under Makhleb
  5510 | D:10     | Entered Level 10 of the Dungeon
  5510 | D:10     | Found Idaloer's Weapon Shoppe.
  5750 | D:10     | Noticed Erolcha
  5765 | D:10     | Killed Erolcha
  5795 | D:10     | Reached **** piety under Makhleb
  5810 | D:10     | Noticed an unseen horror
  5830 | D:10     | Killed an unseen horror
  6185 | D:11     | Noticed a seven-headed hydra
  6209 | D:11     | Killed a ten-headed hydra
  6328 | D:11     | Reached ***** piety under Makhleb
  6333 | D:11     | Found a staircase to the Orcish Mines.
  6385 | D:11     | Found a staircase to the Lair.
  6387 | D:11     | Noticed a two-headed ogre
  6399 | D:11     | Killed a two-headed ogre
  6399 | D:11     | Reached skill level 11 in Axes
  6404 | D:11     | Reached XP level 12. HP: 115/115 MP: 12/12
  6441 | D:11     | Noticed Snorg
  6454 | D:11     | Killed Snorg
  6696 | D:11     | Noticed Sonja
  6738 | D:11     | Killed Sonja
  6806 | D:11     | Noticed a two-headed ogre
  6816 | D:11     | Killed a two-headed ogre
  6816 | D:11     | Reached skill level 10 in Fighting
  6864 | D:11     | Noticed a two-headed ogre
  6870 | D:11     | Killed a two-headed ogre
  6899 | D:11     | Noticed Fannar
  6931 | D:11     | Killed Fannar
  7157 | D:11     | Reached skill level 10 in Invocations
  7274 | D:12     | Noticed a six-headed hydra
  7293 | D:12     | Killed a four-headed hydra
  7321 | D:12     | Quit the game

Levels and vault maps discovered:
D:1:      dpeg_arrival_connections, layout_basic
D:2:      layout_rooms, overflow_temple_1_default, lemuel_crystal_altar,
          nemelex_xobeh_ov_fountains_minmay, mrwooster_statue_mirror,
          grunt_dithmenos_smoke_and_mirrors
D:3:      layout_rooms, first_ration, uniq_sigmund
D:4:      layout_loops_corners, lemuel_doored_altar, portal_sewer_entry_c,
          minmay_fountain_box, amethyst_killhole, guppyfry_shop_venom
D:5:      layout_gridville, overflow_temple_1_default,
          lemuel_zombie_altar_kikubaaqudgha, minmay_temple_entry_poolview,
          serial_shops, nicolae_shop_behind_doors, nicolae_shop_trees, shop,
          shop, nicolae_shop_window_shopping, uniq_eustachio
D:6:      layout_cave_pools, kennysheep_mini_moat, kennysheep_mini, basic_altar,
          chequers_hall_statues_y, uniq_blork_the_orc
D:7:      kennysheep_big_flooded_room, layout_loops_ring
D:8:      layout_rooms, grunt_temple_overflow_lords_of_destruction
D:9:      kennysheep_six_static_rooms, layout_irregular_city, enter_bailey_2,
          uniq_grum
D:10:     layout_loops_ring, serial_shops, shop, grunt_tengu_nest,
          corner_web_ring, uniq_erolcha
D:11:     layout_loops_corners, minmay_lair_entry_grove, uniq_snorg,
          uniq_fannar, uniq_sonja
D:12:     layout_stronghold
Temple:   nicolae_temple_hex_pool

Skill      XL: |  1  2  3  4  5  6  7  8  9 10 11 12 |
---------------+-------------------------------------+-----
Fighting       | 3 4 5 6 7 8 9 10 | 10.2
Axes           | 3 4 5 7 8 9 11 | 11.8
Dodging        | 1 2 3 4 5 6 7 8 |  8.2
Shields        | 4 5 6 7 8 9 |  9.0
Armour         | 4 5 6 7 8 9 |  9.0
Invocations    | 2 6 8 10 | 10.1

Action                   |  1- 3 |  4- 6 |  7- 9 | 10-12 || total
-------------------------+-------+-------+-------+-------++-------
Melee: War axe           |    67 |   153 |   154 |   221 ||   595
       Broad axe         |       |     8 |   146 |   391 ||   545
 Abil: Heal Wounds       |     1 |     5 |    10 |    44 ||    60
Evoke: Wand              |       |       |       |     2 ||     2
  Use: Scroll            |       |     4 |       |    19 ||    23
 Stab: Confused          |       |       |       |     6 ||     6
       Distracted        |       |       |       |     1 ||     1
  Eat: Chunk             |       |     1 |     7 |    12 ||    20
       Ration            |       |     1 |       |       ||     1
Armor: Plate armour      |    43 |   115 |   232 |   597 ||   987
       Scale mail        |     4 |       |       |       ||     4
Dodge: Dodged            |    11 |    33 |    90 |   289 ||   423
Block: Kite shield       |    41 |    98 |   204 |   553 ||   896

Table legend:
 A = Non-vault XP
 B = Vault XP
 C = Vault XP percentage of total XP
 D = Non-vault monster count
 E = Vault monster count
 F = Vault count percentage of total count
                 A         B        C        D         E       F
            +---------+---------+-------+---------+---------+-------
      Total |   20346 |   12066 |  37.2 |     222 |      98 |  30.6
            +---------+---------+-------+---------+---------+-------
        D:1 |      14 |       0 |   0.0 |       5 |       0 |   0.0
        D:3 |      47 |       0 |   0.0 |       9 |       0 |   0.0
        D:4 |     142 |     172 |  54.8 |       6 |       8 |  57.1
        D:5 |     477 |     197 |  29.2 |      16 |       1 |   5.9
        D:6 |     819 |     100 |  10.9 |      25 |       1 |   3.8
        D:7 |     367 |     575 |  61.0 |       8 |       2 |  20.0
        D:8 |    3510 |      50 |   1.4 |      38 |       1 |   2.6
        D:9 |    1427 |     973 |  40.5 |      25 |       8 |  24.2
       D:10 |    3015 |    1353 |  31.0 |      36 |       2 |   5.3
       D:11 |    9052 |    4210 |  31.7 |      50 |      15 |  23.1
       D:12 |    1476 |       0 |   0.0 |       4 |       0 |   0.0
      Sewer |       0 |     228 | 100.0 |       0 |      20 | 100.0
     Bailey |       0 |    4208 | 100.0 |       0 |      40 | 100.0
            +---------+---------+-------+---------+---------+-------
